 Dungeon Crawl Stone Soup version 0.28-a0-563-gf77a47075d (webtiles) character file.

Game seed: 1375857654361789164

3 miscthings the Firebug (level 1, 0/11 HPs)
             Began as a Vine Stalker Cinder Acolyte on Sept 30, 2021.
             Was a High Priest of Ignis.
             Frozen to death by an endoplasm (4 damage)
             ... on level 1 of the Dungeon.
             The game lasted 00:00:12 (170 turns).

miscthings the Firebug (Vine Stalker Cinder Acolyte) Turns: 170, Time: 00:00:13

Health: 0/11       AC:  2    Str: 16    XL:     1   Next: 50%
Magic:  0/3        EV: 11    Int: 14    God:    Ignis [*****.]
Gold:   21         SH:  0    Dex:  9    Spells: 2/2 levels left

rFire   + . .      SeeInvis .   a - -1 mace (flame)
rCold   . . .      Faith    .   (no shield)
rNeg    . . .      Spirit   +   b - +0 robe
rPois   .          Reflect  .   (no helmet)
rElec   .          Harm     .   (no cloak)
rCorr   .          Rampage  .   (no gloves)
Will    .....                   (no boots)
Stlth   +.........              (no amulet)
HPRegen 0.03/turn               (no ring)
MPRegen 0.08/turn               (no ring)

@: no status effects
A: fangs 2, magic shield, antimagic bite, no potion heal 2
a: Renounce Religion, Sea of Fire, Foxfire Swarm, Rising Flame


You were on level 1 of the Dungeon.
You worshipped Ignis.
Ignis was extremely pleased with you.
You visited 1 branch of the dungeon, and saw 1 of its levels.

You collected 21 gold pieces.

Inventory:

Hand Weapons
 a - a -1 mace of flaming (weapon)
Armour
 b - a +0 robe (worn)
Potions
 c - a potion of curing {unknown}
 d - a potion of lignification {unknown}
 e - a potion of haste {unknown}
 f - a potion of brilliance {unknown}


   Skills:
 - Level 2.6 Fighting
 - Level 2.6 Maces & Flails
 + Level 1.3 Spellcasting
 + Level 3.1 Fire Magic


You had 2 spell levels left.
You didn't know any spells.
Your spell library contained the following spells:

 Spells                   Type           Power      Damage    Failure   Level
 Scorch                   Fire           18%        2d5       11%         2
 Ensorcelled Hibernation  Hex/Ice        0%         N/A       36%         2
 Spider Form              Tmut/Pois      0%         N/A       58%         3
 Tukima's Dance           Hex            0%         N/A       58%         3


Dungeon Overview and Level Annotations

Branches:
Dungeon (1/15)

Altars:
Trog

Shops:
D:1 :


Innate Abilities, Weirdness & Mutations

You have extremely sharp teeth.
When hurt, damage is shared between your health and your magic reserves.
Your bite disrupts and absorbs the magic of your enemies.
Potions cannot restore your health.


Message History

The ball python bites you. The ball python grabs you.
The ball python constricts you. The kobold hits you but does no damage.
The ball python bites you but does no damage.
The ball python constricts you. The kobold hits you but does no damage.
You thump the kobold! You burn the kobold.
You kill the kobold!
The ball python bites you. The ball python constricts you.
You closely miss the ball python. The ball python completely misses you.
The ball python constricts you.
The ball python bites you but does no damage.
The ball python constricts you.
You hit the ball python. You burn the ball python.
You kill the ball python!
No target in view!
d - a fuming amethyst potion
Things that are here:
a +0 whip; 5 stones You pick up a book of Dreams and begin reading...
You add the spells Ensorcelled Hibernation and Spider Form to your library.
You now have 21 gold pieces (gained 12).
You pick up a book of Maledictions and begin reading...
You add the spell Tukima's Dance to your library.
e - a smoky silvery potion
f - a bubbling emerald potion An endoplasm and a goblin come into view.
Found Tair's Book Emporium.
The goblin shouts!
The endoplasm quivers.
The goblin hits you with a +0 club.
You barely miss the goblin. The goblin hits you with a +0 club.
A dart slug comes into view.
The goblin hits you but does no damage.
You are too injured to fight recklessly!
You hit the goblin. You burn the goblin. Your bite misses the goblin.
The goblin is severely wounded.
The goblin barely misses you.
You are too injured to fight recklessly!
The endoplasm freezes you.
You are frozen.
You die...

#.###...##.#.##.###
#...#.###..#.#.....
##......#.##.#..###
#..##.... #.#..# #
#.## ..## #.#..# #
#.# .## #.#..# # .
#.# .## #.#..# #
... #.# ..# #.#..#
# .....##@##...#
#.#### #
.......Jg....#
#.######
............##
#.......
............#
########
##.####.##### # 8.8
..⌠w .8.∩ ...⌠.⌠


You could see a dart slug, an endoplasm and a goblin.

Vanquished Creatures
  2 kobolds (D:1)
  A ball python (D:1)
3 creatures vanquished.

Notes
Turn   | Place    | Note
-------+----------+-------------------------------------------
     0 | D:1      | miscthings the Vine Stalker Cinder Acolyte began the quest
                  | for the Orb.
     0 | D:1      | Reached XP level 1. HP: 11/11 MP: 3/3
   125 | D:1      | Found a bloodstained altar of Trog.
   165 | D:1      | Found Tair's Book Emporium.
   170 | D:1      | Frozen to death by an endoplasm

Illustrated notes

Levels and vault maps discovered:
D:1:      saegor_arrival_simple_c, layout_basic, serial_shops, shop_fountains,
          shop, nicolae_shop_temple_entry_statues_fountains, minmay_hexomino_r4

Action                   || total
-------------------------++-------
Melee: Mace              ||     9
Armor: Robe              ||     6
Dodge: Dodged            ||     5

Table legend: (Time is in decaauts)
 A = Elapsed time spent in this place.
 B = Non-inter-level travel time spent in this place.
 C = Inter-level travel time spent in this place.
 D = Time resting spent in this place.
 E = Time spent auto-exploring this place.
 F = Levels seen in this place.
 G = Mean time per level.
                   A        B        C        D        E       F      G
               +--------+--------+--------+--------+--------+-----+--------+
         Total |    172 |    172 |      0 |      0 |    142 |   1 |  172.0 |
       Dungeon |    172 |    172 |      0 |      0 |    142 |   1 |  172.0 |
               +--------+--------+--------+--------+--------+-----+--------+

Top non-repeatable levels by time:
     D:1: 172 daAuts
